 Dungeon Crawl Stone Soup version 0.28-a0-661-g144af121cd (webtiles) character file.

Game seed: 9120659741845499150

375 Lekart the Skirmisher (level 6, -2/53 HPs)
             Began as a Draconian Abyssal Knight on Oct 14, 2021.
             Was a Believer of Lugonu.
             Slain by Menkaure (5 damage)
             ... on level 4 of the Dungeon.
             The game lasted 00:06:46 (4102 turns).

Lekart the Skirmisher (Draconian Abyssal Knight)    Turns: 4102, Time: 00:06:47

Health: -2/53      AC:  6    Str: 15    XL:     6   Next: 44%
Magic:  8/8        EV: 16    Int: 10    God:    Lugonu [**....]
Gold:   120        SH:  4    Dex: 14    Spells: 5/5 levels left

rFire   + . .      SeeInvis .   d - +1 hand axe (freeze)
rCold   . . .      Faith    +   g - +0 buckler
rNeg    . . .      Spirit   .   (armour unavailable)
rPois   .          Reflect  .   (helmet restricted)
rElec   .          Harm     .   (no cloak)
rCorr   .          Rampage  .   (no gloves)
Will    .....                   (no boots)
Stlth   +.........              c - amulet of faith
HPRegen 0.17/turn               i - +4 ring of evasion
MPRegen 0.11/turn               f - ring of protection from fire

@: no status effects
A: AC +6, unfitting armour, cold-blooded
a: Renounce Religion, Depart the Abyss, Bend Space


You were on level 4 of the Dungeon.
You worshipped Lugonu.
Lugonu was pleased with you.
You visited 1 branch of the dungeon, and saw 4 of its levels.
You visited the Abyss 1 time.
You also visited: Sewer.

You collected 120 gold pieces.

Inventory:

Hand Weapons
 a - a +1 falchion
 d - a +1 hand axe of freezing (weapon)
Missiles
 k - 4 silver javelins (quivered)
 n - 2 javelins
Armour
 g - a +0 buckler (worn)
Jewellery
 b - an amulet of guardian spirit
 c - an amulet of faith (around neck)
 f - a ring of protection from fire (right hand)
 i - a +4 ring of evasion (left hand)
Wands
 j - a wand of charming (5)
Scrolls
 e - 2 scrolls of identify
 o - a scroll of enchant armour {unknown}
 p - 3 scrolls of summoning {unknown}
 r - a scroll of fog {unknown}
Potions
 h - a potion of attraction
 l - 2 potions of brilliance
 m - 2 potions of haste


   Skills:
 + Level 4.5 Fighting
 + Level 2.2 Long Blades
 + Level 3.3 Axes
 + Level 1.0 Throwing
 + Level 3.4 Dodging
 + Level 1.4 Shields
 * Level 3.4 Invocations


You had 5 spell levels left.
You didn't know any spells.
Your spell library contained the following spells:

 Spells                   Type           Power      Damage    Failure   Level
 Corpse Rot               Necr/Air       N/A        N/A       61%         2
 Poisonous Vapours        Pois/Air       0%         N/A       61%         2


Dungeon Overview and Level Annotations

Branches:
Dungeon (4/15)              Sewer (visited)
 Temple: D:4-7

Altars:
Qazlal

Annotations:
D:3 1 runed translucent door, Grinder; waddelsworth's ghost, amateur GnCA
D:4 Menkaure


Innate Abilities, Weirdness & Mutations

Your plain brown scales are hard. (AC +6)
You cannot fit into any form of body armour.
You are cold-blooded and may be slowed by cold attacks.


Message History

HP restored.
Found a hand axe.
Menkaure, Prince of Dust comes into view.
Menkaure shouts!
You barely miss Menkaure. You tail-slap Menkaure.
Menkaure is lightly damaged.
Menkaure casts a spell at you. Pain shoots through your body!
You hit Menkaure.
Menkaure is lightly damaged.
Menkaure hits you but does no damage.
You hit Menkaure but do no damage.
Menkaure is lightly damaged.
Menkaure hits you!
You are too injured to fight recklessly!
You are too injured to fight recklessly!
You are too injured to fight recklessly!
Okay, then.
Throw: 5 javelins (silver)
Press: ? - help, Q - select action, (/) - cycle Shift-Dir - straight line, f - Menkaure
Aim: Menkaure (lightly damaged, 75% to hit)
You throw a silver javelin.
The silver javelin completely misses Menkaure.
Menkaure hits you!
* * * LOW HITPOINT WARNING * * *
It was a potion of magic.
Magic courses through your body. Menkaure hits you.
* * * LOW HITPOINT WARNING * * *
Okay, then.
You barely miss Menkaure.
Menkaure is lightly damaged.
Menkaure calls on the powers of darkness!
You feel a surge of unholy energy.
You hit Menkaure.
Menkaure is moderately damaged.
Menkaure gestures wildly while chanting.
Menkaure seems to speed up.
You barely miss Menkaure.
Menkaure is moderately damaged.
Menkaure hits you.
You die...

#.# ............#
#.###########.###.#
#.#.....#...#.# #.#
#.#.#.....#.#.# #.#
#.#.#######.#.# #.#
#.#.......)...# #.#
..#.........#.# #.#
###.#############.#
.........(.....M@.#
#.#.###############
#.#.# ..#.# ..#.#
..#.. ..### ..# ..#


You could see Menkaure (fast).

Vanquished Creatures
  2 kobold brigands (Sewer)
  A centaur zombie (D:4)
  An orc priest (D:3)
  A bullfrog skeleton (D:4)
  6 adders
  3 river rats (D:4)
  A worm (D:2)
  A dart slug (D:1)
  3 orcs (D:3)
  9 ball pythons
  10 endoplasms
  2 giant cockroaches
  3 goblins
  2 hobgoblins (D:1)
  11 kobolds
  2 quokkas
  5 bats
  A frilled lizard (D:2)
  5 rats
69 creatures vanquished.

Notes
Turn   | Place    | Note
-------+----------+-------------------------------------------
     0 | Abyss:1  | Lekart the Draconian Abyssal Knight began the quest for the
                  | Orb.
     0 | Abyss:1  | Reached XP level 1. HP: 19/19 MP: 2/2
     2 | Abyss:1  | Found a corrupted altar of Lugonu.
    59 | Abyss:2  | Noticed a small abomination
    61 | Abyss:2  | Noticed a chaos spawn
    63 | Abyss:2  | Noticed a wretched star
    64 | D:1      | Escaped the Abyss
   117 | D:1      | Found a faded altar of an unknown god.
   186 | D:1      | Reached XP level 2. HP: 19/26 MP: 3/3
   538 | D:1      | Reached * piety under Lugonu
   762 | D:2      | Reached XP level 3. HP: 12/33 MP: 4/4
  1393 | D:2      | Reached skill level 1 in Axes
  1401 | D:2      | Reached skill level 4 in Fighting
  1770 | D:3      | Found a runed translucent door.
  1777 | D:3      | Noticed waddelsworth's ghost (amateur GnCA)
  1806 | D:3      | Reached XP level 4. HP: 14/40 MP: 5/5
  2235 | D:3      | Noticed Grinder
  2252 | D:3      | Paralysed by Grinder for 3 turns
  2297 | D:3      | Paralysed by Grinder for 4 turns
  2532 | D:4      | Found a stormy altar of Qazlal.
  2717 | D:4      | Reached XP level 5. HP: 40/46 MP: 5/7
  2823 | D:4      | Reached skill level 1 in Shields
  2924 | D:4      | Reached ** piety under Lugonu
  2933 | D:4      | Found a glowing drain.
  2944 | Sewer    | Entered a sewer
  3258 | Sewer    | Reached XP level 6. HP: 28/53 MP: 8/8
  3614 | Sewer    | Reached skill level 1 in Throwing
  4093 | D:4      | Noticed Menkaure
  4102 | D:4      | Slain by Menkaure

Illustrated notes

Levels and vault maps discovered:
D:1:      lightli_iron_boxes, layout_rooms, dreamdust_ecumenical_altar_grove,
          item_on_display_a
D:2:      layout_loops_ring
D:3:      layout_rooms, ebering_ghost_sewer_d, minmay_misc_feat_nine_boxes,
          kennysheep_crisscross, uniq_grinder
D:4:      layout_basic, grunt_qazlal_clouds, gup_sewer_entry_bubbles,
          uniq_menkaure

Skill      XL: |  1  2  3  4  5  6 |
---------------+-------------------+-----
Axes           | 1 2 3 |  3.3
Fighting       | 4 |  4.5
Dodging        | 3 |  3.4
Shields        | 1 |  1.4
Invocations    | 3 |  3.4
Throwing       | 1 |  1.0
Long Blades    | |  2.2

Action                   |  1- 3 |  4- 6 || total
-------------------------+-------+-------++-------
Melee: Hand axe          |    81 |   161 ||   242
       Falchion          |     3 |       ||     3
       Tailslap          |     8 |    16 ||    24
Throw: Javelin           |       |    30 ||    30
Invok: Depart the Abyss  |     1 |       ||     1
Evoke: Wand              |       |     1 ||     1
  Use: Potion            |     1 |     6 ||     7
       Scroll            |       |     2 ||     2
Armor: Skin              |    20 |    47 ||    67
Dodge: Dodged            |    60 |   105 ||   165
Block: Buckler           |    13 |    33 ||    46

Table legend: (Time is in decaauts)
 A = Elapsed time spent in this place.
 B = Non-inter-level travel time spent in this place.
 C = Inter-level travel time spent in this place.
 D = Time resting spent in this place.
 E = Time spent auto-exploring this place.
 F = Levels seen in this place.
 G = Mean time per level.
                   A        B        C        D        E       F      G
               +--------+--------+--------+--------+--------+-----+--------+
         Total |   4258 |   4207 |     51 |    868 |   2452 |   7 |  608.3 |
       Dungeon |   3116 |   3065 |     51 |    312 |   2087 |   4 |  779.0 |
         Abyss |     63 |     63 |      0 |      0 |      0 |   2 |   31.5 |
         Sewer |   1077 |   1077 |      0 |    556 |    365 |   1 | 1077.0 |
               +--------+--------+--------+--------+--------+-----+--------+

Top non-repeatable levels by time:
     D:2: 1101 daAuts
   Sewer: 1077 daAuts
     D:4: 795 daAuts
     D:3: 612 daAuts
     D:1: 606 daAuts
 Abyss:2: 39 daAuts
 Abyss:1: 24 daAuts
